Map: [ESL] Hard Lead

Players

Reaper - Winner!

  • Race: Zerg Zerg
  • Spawn Location: 11:00

Gerald

  • Race: Protoss Protoss
  • Spawn Location: 5:00

Event: ESL SC2 Masters 2023 Winter (Finals)

VOD

Have the link to the VOD?

Description

Time

  • Played on: Dec. 15, 2023, 10:49 a.m.
  • Length: 10:33

All games in this series

Show
View Real Time Build Order
Export as new Build Order

Reaper Zerg - Winner!

Build Orders: Pool First 

Get SALT Encoding   

  12  0:00  Drone  
  13  0:15  Extractor  
  12  0:23  Spawning Pool  
  12  0:27  Drone  
  12  0:32  Drone  
  13  0:37  Drone  
  14  0:47  Overlord  
  14  1:10  Zergling x4  
  14  1:11  Zergling x2  
  17  1:18  Metabolic Boost  
  17  1:27  Roach Warren  
  16  1:40  Queen  
  18  1:50  Overlord  
  18  2:07  Roach x2  
  22  2:13  Roach  
  24  2:22  Overlord  
  24  2:29  Zergling x2  
  25  2:43  Zergling x2  
  25  2:49  Ravager  
  26  2:52  Zergling x2  
  27  3:00  Zergling x6  
  30  3:08  Ravager  
  30  3:10  Ravager  
  32  3:15  Zergling x2  
  33  3:21  Zergling x2  
  32  3:39  Drone x3  
  34  3:53  Drone  
  30  4:02  Drone  
  23  4:06  Queen  
  25  4:13  Hatchery  
  25  4:15  Drone  
  24  4:25  Drone  
  25  4:31  Spore Crawler  
  25  4:35  Drone x4  
  28  4:42  Queen  
  30  4:47  Overlord  
  30  5:01  Overlord  
  30  5:09  Drone  
  31  5:20  Drone x3  
  33  5:27  Drone  
  33  5:28  Drone  
  34  5:34  Lair  
  34  5:35  Drone  
  35  5:37  Drone  
  35  5:47  Drone x2  
  37  5:58  Drone x2  
  37  6:02  Overlord  
  39  6:04  Drone x5  
  39  6:07  Extractor  
  39  6:08  Extractor  
  39  6:10  Overlord  
  42  6:24  Spore Crawler, Overlord  
  41  6:26  Drone x2  
  43  6:36  Zergling x8, Hydralisk Den  
  43  6:38  Overlord  
  46  6:43  Drone x3  
  49  6:52  Overlord  
  49  6:53  Drone  
  50  6:57  Drone  
  50  7:03  Drone  
  50  7:04  Drone x3  
  50  7:07  Muscular Augments  
  54  7:13  Overlord  
  58  7:18  Overlord  
  58  7:24  Hydralisk x2  
  62  7:33  Hydralisk  
  62  7:34  Hydralisk  
  62  7:36  Hydralisk  
  66  7:43  Hydralisk x5  
  74  7:50  Hydralisk x2  
  77  7:58  Hydralisk  
  77  8:01  Overlord  
  79  8:05  Hydralisk  
  79  8:06  Hydralisk  
  79  8:10  Zergling x6  
  86  8:15  Hydralisk  
  88  8:21  Hydralisk  
  88  8:23  Zergling x4  
  88  8:25  Hydralisk  
  94  8:32  Hydralisk  
  94  8:40  Hydralisk  
  96  8:47  Drone x4  
  100  8:50  Extractor  
  100  8:54  Evolution Chamber  
  100  8:55  Infestation Pit  
  97  8:59  Drone, Hatchery  
  97  9:00  Drone x4  
  101  9:05  Overlord  
  101  9:23  Hydralisk x3  
  103  9:29  Hydralisk x3  
  112  9:31  Overlord  
  112  9:36  Overlord  
  110  9:42  Hydralisk  
  109  9:47  Hydralisk  
  109  9:48  Hydralisk  
  113  9:54  Drone  
  114  10:01  Overlord  
  114  10:02  Hydralisk  
  114  10:03  Hydralisk x2  
Show
View Real Time Build Order
Export as new Build Order

Gerald Protoss 

Build Orders:  

Get SALT Encoding   

  12  0:02  Probe  
  13  0:14  Probe  
  14  0:21  Pylon  
  14  0:26  Probe  
  15  0:39  Probe (Chrono Boost)  
  15  0:42  Gateway  
  16  0:49  Probe (Chrono Boost)  
  17  0:53  Assimilator  
  17  0:54  Probe (Chrono Boost)  
  18  1:06  Probe  
  19  1:16  Gateway  
  19  1:18  Probe  
  20  1:28  Cybernetics Core, Pylon  
  19  1:33  Zealot (Chrono Boost)  
  19  1:39  Probe  
  22  1:53  Zealot (Chrono Boost)  
  24  1:55  Probe  
  25  2:08  Probe  
  26  2:19  Stargate  
  26  2:20  Probe  
  27  2:24  Assimilator  
  27  2:26  Adept  
  28  2:33  Shield Battery  
  28  2:36  Pylon  
  30  2:52  Probe  
  29  3:10  Void Ray (Chrono Boost), Shield Battery  
  33  3:18  Gateway  
  21  3:55  Probe  
  15  4:07  Probe  
  15  4:19  Probe  
  20  4:33  Void Ray (Chrono Boost)  
  20  4:35  Probe  
  21  4:47  Probe  
  22  4:59  Probe  
  23  5:11  Probe  
  24  5:23  Probe  
  25  5:35  Probe  
  25  5:47  Probe  
  26  5:50  Nexus  
  26  6:01  Pylon  
  26  6:04  Probe  
  27  6:12  Pylon  
  27  6:16  Probe  
  28  6:26  Oracle (Chrono Boost)  
  28  6:28  Probe  
  32  6:34  Warp Gate  
  32  6:41  Probe  
  33  6:48  Robotics Facility  
  33  6:53  Probe  
  34  7:03  Probe  
  34  7:05  Probe  
  36  7:10  Adept  
  38  7:16  Probe  
  38  7:17  Probe  
  40  7:28  Probe  
  40  7:29  Probe  
  42  7:40  Observer (Chrono Boost), Probe  
  42  7:41  Probe, Robotics Bay  
  45  7:44  Pylon  
  45  7:51  Shield Battery  
  45  7:52  Probe  
  45  7:53  Probe, Pylon  
  47  8:04  Probe  
  48  8:06  Probe  
  49  8:16  Probe  
  49  8:17  Robotics Facility  
  49  8:18  Probe  
  51  8:25  Shield Battery, Colossus (Chrono Boost)  
  51  8:28  Probe  
  51  8:31  Adept x2  
  62  8:47  Pylon x2  
  62  8:49  Pylon  
  62  8:53  Pylon  
  62  9:07  Probe  
  61  9:19  Pylon  
  61  9:27  Pylon  
  57  9:34  Colossus (Chrono Boost)  
  63  9:48  Pylon  
  63  9:50  Pylon  
  63  9:58  Gateway  
Tags
 
Add a new tag
Caveats
  • Supply blocks, unpowered buildings, or Contaminate may cause inaccurate times.
  • Supply counts are checked every 10 seconds.